[Event "Early-Titled-Tuesday-Blitz-October-03-2023"]
[Site "Chess.com"]
[Date "2023.10.03"]
[Round "8"]
[White "ljuks68"]
[Black "Fore_Man"]
[Result "0-1"]
[WhiteElo "2399"]
[BlackElo "2268"]
[TimeControl "180+1"]
[EndTime "9:29:32 PDT"]
[Termination "Fore_Man won on time"]

1. e4 c5 2. Nf3 Nc6 3. d4 cxd4 4. Nxd4 g6 5. c4 Bg7 6. Be3 Nf6 7. Nc3 d6 8. Be2 O-O 9. O-O a6 10. Rc1 Nxd4 11.
Bxd4 Bd7 12. b4 b5 13. c5 dxc5 14. Bxc5 Bc6 15. Qxd8 Rfxd8 16. Bxe7 Rd7 17. Bxf6 Bxf6 18. Bf3 Rd2 19. e5 Bxf3 20. exf6 Bg4 21. f3 Be6 22.
Rfd1 Rxd1+ 23. Rxd1 h5 24. a3 g5 25. Ne4 g4 26. Nc5 Bc4 27. Rd6 a5 28. fxg4 axb4 29. axb4 Ra1+ 30. Kf2 hxg4 31. Rd4 Ra2+ 32. Kg3 Rb2 33.
Rxg4+ Kh7 34. Rg7+ Kh6 35. Nd7 Bd5 36. Kh3 Be6+ 37. g4 Bxd7 38. Rxf7 Be6 39. Re7 Bc4 40.
Kg3 Rb3+ 41. Kf4 Rxb4 42. h4 Be6+ 43. Ke5 Bxg4 44. Rb7 Bf3 45. Rb6 Be2 46. Ke6 Kg6 47.
Ke7 Re4+ 48. Kf8 Bc4 49. f7+ Re6 0-1

[Event "Early-Titled-Tuesday-Blitz-October-03-2023"]
[Site "Chess.com"]
[Date "2023.10.03"]
[Round "8"]
[White "Kyrie-Eleven"]
[Black "JohnWhite1952"]
[Result "1-0"]
[WhiteElo "2300"]
[BlackElo "2027"]
[TimeControl "180+1"]
[EndTime "9:29:33 PDT"]
[Termination "Kyrie-Eleven won by resignation"]

1. d4 e6 2. c4 d5 3. Nc3 Nf6 4. cxd5 Nxd5 5. e4 Nxc3 6. bxc3 c5 7. Nf3 Nc6 8. Bb5 cxd4 9. Bxc6+ bxc6 10. cxd4 Bb4+ 11.
Bd2 Qa5 12. O-O Ba6 13. Re1 O-O 14. Qc2 Bxd2 15. Nxd2 Rac8 16. Nb3 Qb4 17. Red1 Bc4 18. Nc5 Rfd8 19. Rab1 Qa3 20. Qxc4 a5 21. Qb3 Qxb3 22.
Rxb3 a4 23. Nxa4 Ra8 24. Nc3 c5 25. d5 exd5 26. exd5 Rd6 27. Ne4 Rdd8 28. Rb2 c4 29. f3 Ra3 30. d6 c3 31. Rc2 f5 32. Nxc3 Rc8 33. d7 Rd8 34. Nb5 1-0

[Event "Early-Titled-Tuesday-Blitz-October-03-2023"]
[Site "Chess.com"]
[Date "2023.10.03"]
[Round "8"]
[White "Beca95"]
[Black "Alexchess1984"]
[Result "1/2-1/2"]
[WhiteElo "3003"]
[BlackElo "2728"]
[TimeControl "180+1"]
[EndTime "9:29:34 PDT"]
[Termination "Game drawn - insufficient material"]

1. d4 Nf6 2. c4 c5 3. d5 b5 4. cxb5 a6 5. e3 e6 6. Nc3 exd5 7. Nxd5 Be7 8. Nf3 O-O 9. Nxe7+ Qxe7 10. Be2 axb5 11. Bxb5 Bb7 12. O-O Nc6 13. b3 Ne4 14. Bb2 Rad8 15. Qd5 Ba8 16. Qh5 d5 17. Bxc6 Bxc6 18.
Qe5 Qxe5 19. Nxe5 Bb5 20. Rfc1 f6 21. f3 fxe5 22. fxe4 dxe4 23. Rxc5 Rd2 24. Rxb5 Rxb2 25. Rf1 Rd8 26. Rxe5 h6 27. Rxe4 Rdd2 28. Rg4 Rxa2 29. h4 Rd3 30. Rc1 Ra7 31. Rc8+ Kh7 32. b4 Rxe3 33.
b5 Rb3 34. Rb8 Rf7 35. Kh2 Re7 36. b6 Re6 37. Rb7 Rg6 38. Rxg6 Kxg6 39. Rb8 Kh5 40.
g3 Kg4 41. Rg8 Rb2+ 42. Kg1 g5 43. hxg5 hxg5 44. Rg6 Kxg3 45. Rxg5+ Kf4 46. Rg6 Ke5 47. Rg5+ Kd6 48. Rh5 Rxb6 49. Rh6+ Kc5 50. Rxb6 Kxb6 1/2-1/2

[Event "Early-Titled-Tuesday-Blitz-October-03-2023"]
[Site "Chess.com"]
[Date "2023.10.03"]
[Round "8"]
[White "Itk04"]
[Black "ama18"]
[Result "1-0"]
[WhiteElo "2733"]
[BlackElo "2541"]
[TimeControl "180+1"]
[EndTime "9:29:34 PDT"]
[Termination "Itk04 won by resignation"]

1. a3 Nf6 2. b4 g6 3. Bb2 Bg7 4. e3 d6 5. d4 O-O 6. Nf3 Nbd7 7. c4 b6 8. Nbd2 Bb7 9. Be2 a5 10. O-O Re8 11. d5 e5 12. dxe6 fxe6 13. Qc2 Qe7 14. Rfd1 e5 15. Ng5 Rf8 16. Bf3 Bxf3 17.
Ndxf3 h6 18. Ne4 Nxe4 19. Qxe4 g5 20. Nd2 Nf6 21. Qc2 Qf7 22. Rf1 axb4 23. axb4 Rxa1 24. Rxa1 Ng4 25. Ne4 Qh5 26. h3 Nf6 27. Nxf6+ Bxf6 28. c5 bxc5 29. bxc5 dxc5 30. Qxc5 g4 31. Qc4+ Kh8 32. hxg4 Qh4 33. Qxc7 Bg7 34. g3 Qxg4 35. Bxe5 Bxe5 36. Qxe5+ Kg8 37. Qd5+ Rf7 38. Ra7 Qg6 39. Qxf7+ Qxf7 40. Rxf7 Kxf7 41. Kg2 1-0

[Event "Early-Titled-Tuesday-Blitz-October-03-2023"]
[Site "Chess.com"]
[Date "2023.10.03"]
[Round "8"]
[White "Fandorine"]
[Black "Kirill_Klukin"]
[Result "1-0"]
[WhiteElo "2921"]
[BlackElo "2708"]
[TimeControl "180+1"]
[EndTime "9:29:37 PDT"]
[Termination "Fandorine won by resignation"]

1. b3 Nf6 2. Bb2 d5 3. Nf3 Bf5 4. Nh4 Bc8 5. g3 c6 6. Bg2 g6 7.
Bxf6 exf6 8. d4 Bg7 9. e3 O-O 10. O-O Be6 11. Nd2 Nd7 12. c4 Nb6 13. Qc2 Re8 14.
Rab1 a5 15. Rfc1 a4 16. c5 Nd7 17. bxa4 Ra7 18. Rb4 Qa8 19. e4 Bf8 20. Rcb1 dxe4 21.
Nxe4 Bd5 22. Nc3 Bxg2 23. Nxg2 f5 24. Ne3 Bg7 25. Qb3 f4 26. Nc4 fxg3 27. hxg3 Bf8 28. Rxb7 Rxb7 29. Qxb7 Qd8 30. Qxc6 Re6 31. Qd5 Qe8 32.
Kg2 h5 33. Rb7 Nf6 34. Qf3 Qc8 35. Nb6 Qd8 36. Ncd5 Bg7 37. a5 Kh7 38. Rxf7 Kh6 39. Qf4+ Kh7 40. Nxf6+ Rxf6 41. Rxf6 Bxf6 42. Qd6 Qe8 43.
Qxf6 1-0

[Event "Early-Titled-Tuesday-Blitz-October-03-2023"]
[Site "Chess.com"]
[Date "2023.10.03"]
[Round "8"]
[White "OchsenfroschGambit"]
[Black "NikolaGry"]
[Result "0-1"]
[WhiteElo "2501"]
[BlackElo "2721"]
[TimeControl "180+1"]
[EndTime "9:29:37 PDT"]
[Termination "NikolaGry won by resignation"]

1. d4 d5 2. c4 Nc6 3. Nc3 dxc4 4. Nf3 Nf6 5. Bg5 h6 6. Bxf6 exf6 7. e4 Bg4 8. d5 Ne5 9. Bxc4 Nxc4 10. Qa4+ Qd7 11. Qxc4 Bxf3 12. gxf3 Bd6 13. O-O-O a6 14. Kb1 O-O 15.
Ne2 f5 16. Nd4 fxe4 17. fxe4 g6 18. h4 h5 19. Nf3 Rae8 20. Ng5 Bf4 21. f3 Re7 22.
Nh3 Qd6 23. Ng5 Rfe8 24. Rhg1 Bxg5 25. Rxg5 Kh7 26. Qc1 Qf6 27. Qd2 Rd7 28. Qd3 c6 29. a3 cxd5 30. Rxd5 Rxd5 31. Qxd5 Re7 32. Qd8 Qxf3 33.
Rd7 Qxe4+ 34. Ka1 Rxd7 35. Qxd7 Kg7 36. Qc8 Qe1+ 37. Ka2 Qe6+ 38. Qxe6 fxe6 0-1

[Event "Early-Titled-Tuesday-Blitz-October-03-2023"]
[Site "Chess.com"]
[Date "2023.10.03"]
[Round "8"]
[White "arminmusovic"]
[Black "MdChess1734"]
[Result "1-0"]
[WhiteElo "2511"]
[BlackElo "2382"]
[TimeControl "180+1"]
[EndTime "9:29:37 PDT"]
[Termination "arminmusovic won on time"]

1. a3 e5 2. d4 exd4 3. Qxd4 Nc6 4. Qa4 Bc5 5. Nf3 Nf6 6. Bg5 h6 7. Bh4 d6 8. Nc3 g5 9. Bg3 Qe7 10. O-O-O Bd7 11. Qc4 O-O-O 12. e4 Ne5 13. Nxe5 dxe5 14. Nd5 Nxd5 15. exd5 Bd6 16. f3 f5 17. Bf2 a6 18.
Qb3 Rde8 19. Ba7 b5 20. c4 Bc5 21. Bxc5 Qxc5 22. Kb1 e4 23. Rc1 exf3 24. gxf3 Re3 25. Bd3 Qd4 26. Rhd1 Rhe8 27. cxb5 axb5 28. Bxb5 Rxb3 29.
Bxd7+ Kxd7 30. Rxd4 Re2 31. Rc2 Re1+ 32. Ka2 Rxf3 33.
Rdc4 Rff1 34. Rxc7+ Kd6 35. R7c5 f4 36. a4 f3 37. Rc6+ Kxd5 38. Rxh6 f2 39. Rf6 Ra1+ 40. Kb3 Rxa4 41. Rcxf2 Rxf2 42. Rxf2 Rd4 43. Rf5+ Ke4 44. Rxg5 Rd2 45. Rh5 Kd4 46. Ka3 Kc4 47. b3+ Kc3 48.
Rh3+ Kc2 49. b4 1-0

[Event "Early-Titled-Tuesday-Blitz-October-03-2023"]
[Site "Chess.com"]
[Date "2023.10.03"]
[Round "8"]
[White "noblerone"]
[Black "mmDarko"]
[Result "1-0"]
[WhiteElo "2500"]
[BlackElo "2327"]
[TimeControl "180+1"]
[EndTime "9:29:38 PDT"]
[Termination "noblerone won on time"]

1. d4 Nf6 2. Nf3 b6 3. Bg5 e6 4. Nbd2 Bb7 5. e3 Be7 6. Bd3 d5 7. c3 O-O 8. Ne5 Ne4 9. Bxe7 Qxe7 10. O-O f6 11. Nef3 Nd7 12. a4 a5 13. Qe2 e5 14. h3 Nxd2 15. Nxd2 e4 16. Bc2 f5 17.
f4 exf3 18. Rxf3 g6 19. Bb3 Nf6 20. Re1 c6 21. Rf4 Ba6 22. Qf2 Rae8 23. Qh4 Ne4 24. Qxe7 Rxe7 25. Nxe4 fxe4 26. Rxf8+ Kxf8 27. Rc1 Bd3 28. c4 dxc4 29. Bxc4 b5 30. axb5 cxb5 31. Bd5 a4 32. Rc8+ Re8 33. Rc7 Re7 34. Rc5 b4 35. Ra5 a3 36. bxa3 Rd7 37. axb4 1-0

[Event "Early-Titled-Tuesday-Blitz-October-03-2023"]
[Site "Chess.com"]
[Date "2023.10.03"]
[Round "8"]
[White "ChessLover0108"]
[Black "the_chess_child"]
[Result "1-0"]
[WhiteElo "2937"]
[BlackElo "2862"]
[TimeControl "180+1"]
[EndTime "9:29:39 PDT"]
[Termination "ChessLover0108 won by resignation"]

1. Nf3 Nf6 2. c4 g6 3. Nc3 Bg7 4. e4 d6 5. d4 O-O 6. Be2 Nbd7 7. O-O e5 8. Be3 Qe7 9. d5 c5 10. Ne1 Kh8 11. a3 Ng8 12. Nd3 Bh6 13. Qd2 Bxe3 14.
Qxe3 Kg7 15. b4 b6 16. Rab1 Nh6 17. Bd1 f5 18. f3 Nf6 19. bxc5 bxc5 20. Ba4 a6 21.
Bc6 Ra7 22. h3 f4 23. Qf2 Nh5 24. Rb8 Nf7 25. Rfb1 Ng5 26. Kf1 Ng3+ 27. Ke1 Bxh3 28. R8b7 Rxb7 29. Rxb7 Qxb7 30. Bxb7 Rb8 31. gxh3 Rxb7 32.
h4 Rb3 33. hxg5 Rxc3 34. Qd2 Rxa3 35. Kf2 h5 36. gxh6+ Kh7 37. Nxe5 dxe5 38. d6 Ra1 39. d7 Rh1 40. Kg2 1-0

[Event "Early-Titled-Tuesday-Blitz-October-03-2023"]
[Site "Chess.com"]
[Date "2023.10.03"]
[Round "8"]
[White "BlueWizzard"]
[Black "sokidze"]
[Result "1-0"]
[WhiteElo "2967"]
[BlackElo "2794"]
[TimeControl "180+1"]
[EndTime "9:29:39 PDT"]
[Termination "BlueWizzard won on time"]

1. d4 d5 2. Nc3 Nf6 3. Bg5 h6 4. Bh4 e6 5. Nf3 Be7 6. Bxf6 Bxf6 7. e4 O-O 8. Qd3 c5 9. e5 Be7 10. h4 Nc6 11. dxc5 Qc7 12. Nb5 Qa5+ 13. c3 a6 14.
Nbd4 Qxc5 15. Qe3 Nxd4 16. Nxd4 f5 17. Bd3 Bd7 18. h5 b5 19. a3 a5 20. Rc1 b4 21.
cxb4 axb4 22. Rxc5 Bxc5 23. O-O bxa3 24. bxa3 Ra4 25.
Qc1 Bxd4 26. Qc7 Ra7 27. Qd6 Rc8 28. Bxf5 Re8 29. Rb1 Rf8 30. Bxe6+ Bxe6 31. Qxe6+ Kh8 32. Qxd5 Bxf2+ 33. Kh2 Rxa3 34. Rb3 Rxb3 35. Qxb3 Bd4 36. Qd5 Bb6 37. Qd6 1-0

[Event "Early-Titled-Tuesday-Blitz-October-03-2023"]
[Site "Chess.com"]
[Date "2023.10.03"]
[Round "8"]
[White "bylavochka"]
[Black "betta2004"]
[Result "1/2-1/2"]
[WhiteElo "2339"]
[BlackElo "2517"]
[TimeControl "180+1"]
[EndTime "9:29:39 PDT"]
[Termination "Game drawn by repetition"]

1. e4 e5 2. Nc3 Bc5 3. g3 h5 4. h4 d6 5. Na4 Bb6 6. Nxb6 axb6 7. Be2 Nf6 8. d3 Nc6 9. c3 Be6 10. b3 d5 11. Bg5 d4 12. c4 Qe7 13. Nf3 Qb4+ 14.
Qd2 Nd7 15. O-O f6 16. Qxb4 Nxb4 17. a3 Nc2 18. Ra2 Rxa3 19. Rxc2 fxg5 20. Nxg5 Bg4 21. f3 Nf6 22. fxg4 hxg4 23. Ne6 Kf7 24. Nxc7 Rxb3 25. Nd5 b5 26. cxb5 Rxb5 27. Bxg4 Kg6 28. Bf5+ Kh6 29. Nxf6 gxf6 30. Bd7 Rb6 31. Rc7 Rg8 32. Rf3 Rg7 33. Kg2 Rd6 34. Kh3 Rgxd7 35. Rxf6+ Rxf6 36. Rxd7 Rf3 37.
Rd6+ Kg7 38. Rd7+ Kf6 39. Rxb7 Rxd3 40. Rb6+ Kf7 41. h5 Rd1 42. Kg4 d3 43. Kf3 d2 44.
Ke2 Rg1 45. Kxd2 Rxg3 46. h6 Rh3 47. Ke2 Ke7 48. Kd2 Kd7 49. h7 Kc7 50. Ra6 Kb7 51.
Re6 Rxh7 52. Rxe5 Kc6 53. Rd5 Rh3 54. Ke2 Ra3 55. Rd4 Kc5 56. Rd5+ Kc6 57. Kf2 Rb3 58.
Ke2 Rc3 59. Rd3 Rxd3 60. Kxd3 Kd6 61. Kd4 Ke6 62. e5 Ke7 63. Ke4 Ke6 64. Kf4 Ke7 65. Kf5 Kf7 66. Ke4 Ke6 67. Kd4 Ke7 68. Kd5 Kd7 69. e6+ Ke7 70. Ke5 Ke8 71. Kf5 Ke7 72.
Ke5 Ke8 73. Ke4 Kd8 74. Kd5 Ke7 75. Ke5 1/2-1/2

[Event "Early-Titled-Tuesday-Blitz-October-03-2023"]
[Site "Chess.com"]
[Date "2023.10.03"]
[Round "8"]
[White "isaak2009"]
[Black "Roedor"]
[Result "1-0"]
[WhiteElo "2552"]
[BlackElo "2399"]
[TimeControl "180+1"]
[EndTime "9:29:40 PDT"]
[Termination "isaak2009 won on time"]

1. d4 Nf6 2. Nf3 g6 3. Bf4 Bg7 4. e3 d6 5. h3 O-O 6. Nbd2 b6 7. a4 a5 8. c3 Bb7 9. Bh2 Nbd7 10. Be2 Ne4 11. O-O Nxd2 12. Nxd2 Nf6 13. Bf3 Qc8 14. e4 Rd8 15. Re1 e5 16. Qc2 Nd7 17. Nb3 c5 18. d5 c4 19. Nd2 Ba6 20. Be2 Rf8 21. Nf1 Nc5 22. Ne3 Nd3 23. Red1 Nf4 24. Bf1 h5 25.
Qd2 Bh6 26. Qc2 Ra7 27. Bg3 Rc7 28. Bh2 Qd7 29. h4 Qe7 30. g3 Bc8 31. gxf4 exf4 32. Nxc4 f3 33. Qd3 Rxc4 34. Qxc4 Qxh4 35. e5 Bg4 36. exd6 Rc8 37. Qd4 Bg7 38. Be5 1-0

[Event "Early-Titled-Tuesday-Blitz-October-03-2023"]
[Site "Chess.com"]
[Date "2023.10.03"]
[Round "8"]
[White "tetrix83"]
[Black "JoakimVonAnd"]
[Result "1-0"]
[WhiteElo "2630"]
[BlackElo "2730"]
[TimeControl "180+1"]
[EndTime "9:29:41 PDT"]
[Termination "tetrix83 won by checkmate"]

1. e4 c6 2. d4 d5 3. exd5 cxd5 4.
Bd3 Nc6 5. c3 Nf6 6. h3 Qc7 7.
Nf3 e6 8. O-O Bd6 9. b3 O-O 10.
Ba3 Bxa3 11. Nxa3 Ne4 12. c4 Rd8 13. Nc2 Nf6 14. Qe2 b6 15. Rfe1 Bb7 16. Rac1 dxc4 17. bxc4 Rac8 18. Qe3 Na5 19. Ne5 Nd7 20. Nxf7 Kxf7 21.
Qxe6+ Kf8 22. d5 Nf6 23. Nd4 Bxd5 24. cxd5 Qxc1 25. Rxc1 Rxc1+ 26. Kh2 Rxd5 27. Nf5 Rc7 28. Be4 Rdd7 29. Bf3 Nc4 30. g4 Nd2 31. Bc6 Re7 32. Nxe7 Rxe7 33. Qc8+ Kf7 34. g5 Nfe4 35. Qf5+ Nf6 36.
gxf6 gxf6 37. Qxh7+ Ke6 38. Qd3 Rc7 39. Bd5+ Ke5 40.
Qxd2 Rd7 41. f4+ Kd6 42. Be4+ Ke7 43. Qe3 Kf7 44. Bf5 Re7 45. Qb3+ Kg7 46. Qd5 Re2+ 47.
Kg3 Re7 48. Kg4 b5 49. Qd6 Rf7 50. h4 a5 51. h5 b4 52. Be6 Ra7 53. Kf5 a4 54.
Qd8 Ra5+ 55. Bd5 Ra6 56. Qg8+ Kh6 57. Qg6# 1-0

[Event "Early-Titled-Tuesday-Blitz-October-03-2023"]
[Site "Chess.com"]
[Date "2023.10.03"]
[Round "8"]
[White "borocotoajua"]
[Black "MMAHDI2013"]
[Result "1-0"]
[WhiteElo "2608"]
[BlackElo "2422"]
[TimeControl "180+1"]
[EndTime "9:29:44 PDT"]
[Termination "borocotoajua won on time"]

1. d4 Nf6 2. Nf3 e6 3. c4 d5 4. g3 Bb4+ 5. Bd2 Be7 6. Qc2 O-O 7.
Bg2 c6 8. O-O Nbd7 9. b3 b6 10.
Bc3 Bb7 11. Nbd2 Rc8 12. e4 dxe4 13. Nxe4 Nxe4 14. Qxe4 Nf6 15. Qe2 c5 16. dxc5 Bxc5 17. Rad1 Qe7 18. Ne5 Bxg2 19. Kxg2 Qb7+ 20. Qf3 Qxf3+ 21.
Kxf3 Rfd8 22. h3 Kf8 23. g4 Rxd1 24. Rxd1 Ke8 25. g5 Ng8 26. Rd7 f6 27. Rxg7 fxe5 28.
Rxg8+ Kd7 29. Rxc8 Kxc8 30. Bxe5 Kd7 31. h4 Ke8 32. h5 Kf7 33. Bf4 Kg7 34. Be3 Be7 35.
Ke4 Bd6 36. Bd4+ Kf7 37. Be5 Be7 38. f4 a6 39. Bd4 Bd8 40. a3 Bc7 41. b4 Bd8 42.
Be5 Ke8 43. Bd6 Kd7 44. Ke5 h6 45. gxh6 Bh4 46. h7 Be1 47. c5 Bc3+ 48. Ke4 1-0

[Event "Early-Titled-Tuesday-Blitz-October-03-2023"]
[Site "Chess.com"]
[Date "2023.10.03"]
[Round "8"]
[White "Oleksandr_Bortnyk"]
[Black "Vaathi_Coming"]
[Result "1-0"]
[WhiteElo "3016"]
[BlackElo "2886"]
[TimeControl "180+1"]
[EndTime "9:29:47 PDT"]
[Termination "Oleksandr_Bortnyk won on time"]

1. e4 g6 2. d4 Bg7 3. Nc3 d5 4. Nxd5 c6 5. Ne3 Qxd4 6. Qxd4 Bxd4 7. c3 Bb6 8. f4 Nf6 9. e5 Ng4 10. Nxg4 Bxg4 11. h3 Bf5 12. Nf3 Na6 13. Bxa6 bxa6 14. a4 a5 15. Ke2 Rb8 16. Rd1 Be6 17. Nd4 Bd5 18. g3 f6 19. h4 O-O 20. exf6 exf6 21.
Kf2 Rfd8 22. Re1 Kf7 23. Be3 Bxd4 24. Bxd4 Bc4 25. Rab1 Bd3 26. Rbd1 Rxb2+ 27. Kg1 Bc4 28. Bxa7 Rxd1 29. Rxd1 Bd5 30. c4 Bxc4 31. Rd6 Bd5 32. Kf1 Ra2 33. Bd4 Rxa4 34. Bxf6 Ra2 35. g4 a4 36. g5 a3 37. h5 gxh5 38. f5 1-0

[Event "Early-Titled-Tuesday-Blitz-October-03-2023"]
[Site "Chess.com"]
[Date "2023.10.03"]
[Round "8"]
[White "Wizard_97"]
[Black "wannabe2700"]
[Result "0-1"]
[WhiteElo "2530"]
[BlackElo "2681"]
[TimeControl "180+1"]
[EndTime "9:29:48 PDT"]
[Termination "wannabe2700 won by checkmate"]

1. e4 d5 2. exd5 Qxd5 3. Nc3 Qe5+ 4. Be2 Bg4 5. d4 Bxe2 6. Ngxe2 Qa5 7. Bd2 Nf6 8. b4 Qh5 9. O-O Nc6 10. b5 Na5 11. Bf4 O-O-O 12. Qc1 e6 13. Rb1 Bd6 14. Ng3 Bxf4 15.
Qxf4 Qg6 16. Rfd1 Nc4 17. Nce4 Nd5 18. Qf3 h5 19. Nc5 h4 20. Nge4 h3 21. g3 e5 22.
Nc3 Qf6 23. Qxf6 Nxf6 24. dxe5 Nxe5 25. N5e4 Nf3+ 26. Kh1 Ng4 27. Nd5 Rhe8 28. Rb3 Rxe4 29. Rxf3 Rxd5 30. Rf1 f5 31. Ra3 Re2 32. Kg1 Rdd2 33.
Rf3 g6 34. a4 a5 35. c4 b6 36.
Rf4 Kd7 37. Rf3 Kd6 38. Rf4 Kc5 39. Rf3 Kb4 40. Rf4 Kxa4 41. c5+ Kxb5 42. cxb6 cxb6 43.
Kh1 Nxf2+ 44. Kg1 Ng4 45. Rb1+ Ka6 46. Rxb6+ Kxb6 47. Rb4+ axb4 48. Kf1 b3 49. Kg1 b2 50. Kf1 b1=Q# 0-1

[Event "Early-Titled-Tuesday-Blitz-October-03-2023"]
[Site "Chess.com"]
[Date "2023.10.03"]
[Round "8"]
[White "Mr_Lion22"]
[Black "ljm509"]
[Result "1-0"]
[WhiteElo "2494"]
[BlackElo "2323"]
[TimeControl "180+1"]
[EndTime "9:29:48 PDT"]
[Termination "Mr_Lion22 won on time"]

1. d4 Nf6 2. c4 e6 3. Nc3 Bb4 4. f3 d5 5. a3 Bxc3+ 6. bxc3 O-O 7. cxd5 exd5 8. e3 Re8 9. Bd3 c5 10. Ne2 Nc6 11. O-O c4 12. Bb1 b5 13. Ng3 a5 14. e4 Rb8 15. e5 Nd7 16. f4 b4 17.
axb4 axb4 18. Nf5 Nf8 19. Nd6 Re6 20. Nxc8 Qxc8 21. f5 Re8 22. f6 g6 23. Qd2 bxc3 24.
Qh6 Ne6 25. Bf5 Ncxd4 26. Bxe6 Nxe6 27. Ba3 c2 28. Rac1 Ra8 29. Bd6 Ra2 30. Rf4 Qa8 31. Rh4 Qa7+ 32. Kf1 Qf2+ 33. Kxf2 1-0

[Event "Early-Titled-Tuesday-Blitz-October-03-2023"]
[Site "Chess.com"]
[Date "2023.10.03"]
[Round "8"]
[White "AlmasRakhmatullaev"]
[Black "IwkooO"]
[Result "1-0"]
[WhiteElo "2812"]
[BlackElo "2667"]
[TimeControl "180+1"]
[EndTime "9:29:49 PDT"]
[Termination "AlmasRakhmatullaev won by resignation"]

1. e4 e5 2. Nf3 Nc6 3. Bc4 Bc5 4. c3 Nf6 5. d4 exd4 6. e5 d5 7. Bb5 Ne4 8. cxd4 Bb6 9. Nc3 O-O 10. Be3 Bg4 11.
h3 Bxf3 12. gxf3 Nxc3 13. bxc3 Qh4 14. f4 f5 15. Qf3 Rad8 16. Rg1 Rf7 17. Kd2 Qh6 18. h4 Ne7 19. h5 Ba5 20. Kc2 a6 21. Ba4 b5 22. Bb3 Qc6 23. Bd2 Nc8 24. h6 g6 25. a4 Bb6 26. axb5 axb5 27. Qd3 Ne7 28.
Ra6 Kh8 29. Rga1 Qe8 30. Bc1 Ng8 31. Ba3 Nxh6 32. Rh1 Ng8 33. Qf3 Qc6 34. Bc5 Qb7 35.
Rha1 Bxc5 36. dxc5 Ne7 37. Qd3 c6 38. e6 Rg7 39.
Qd4 Kg8 40. Ra7 Qc8 41. Qe5 Re8 42. Kb2 g5 43. fxg5 Rg6 44. Rd7 Qb8 45. Qxb8 Rxb8 46. Rxe7 1-0

[Event "Early-Titled-Tuesday-Blitz-October-03-2023"]
[Site "Chess.com"]
[Date "2023.10.03"]
[Round "8"]
[White "ChainedDowntohell"]
[Black "IsuruAlahakoon"]
[Result "0-1"]
[WhiteElo "2410"]
[BlackElo "2317"]
[TimeControl "180+1"]
[EndTime "9:29:50 PDT"]
[Termination "IsuruAlahakoon won on time"]

1. d4 d5 2. c4 e6 3. Nc3 Nf6 4. Bg5 c6 5. e3 Nbd7 6. Qc2 Qa5 7.
Bxf6 Nxf6 8. Bd3 dxc4 9. Bxc4 b5 10. Bd3 b4 11. Qa4 Qb6 12. Ne4 Nxe4 13. Bxe4 Bd7 14. Rd1 Rd8 15. Qc2 c5 16. d5 Bb5 17. dxe6 Rxd1+ 18. Qxd1 Qxe6 19. Bd5 Qe5 20. Qb3 Qf5 21. e4 Qf4 22.
Ne2 Bxe2 23. Bc6+ Kd8 24. Kxe2 Qg4+ 25. Ke3 Kc7 26. Bb5 Bd6 27. g3 Be5 28. Qxf7+ Kb6 29. Bc4 Bd4+ 30. Kd2 Rd8 31. Kc2 Qxe4+ 32. Bd3 Qxh1 33.
Qe6+ Qc6 34. Qe7 Rd7 35. Qe8 c4 36. Be4 Qc5 0-1

[Event "Early-Titled-Tuesday-Blitz-October-03-2023"]
[Site "Chess.com"]
[Date "2023.10.03"]
[Round "8"]
[White "sonicdravise"]
[Black "JosefineHeinemann"]
[Result "1-0"]
[WhiteElo "2671"]
[BlackElo "2522"]
[TimeControl "180+1"]
[EndTime "9:29:51 PDT"]
[Termination "sonicdravise won by resignation"]

1. Nf3 d5 2. c4 e6 3. d4 Nf6 4.
Bg5 dxc4 5. e4 Bb4+ 6. Nc3 h6 7.
Bxf6 Qxf6 8. Bxc4 c5 9. e5 Qd8 10. a3 Bxc3+ 11. bxc3 cxd4 12. cxd4 Qa5+ 13. Nd2 O-O 14.
O-O Nc6 15. Nb3 Qd8 16. Qg4 b6 17. Qe4 Bb7 18. Bd3 g6 19. Qe3 Qg5 20. Be4 Rac8 21. f4 Qe7 22. d5 exd5 23. Bxd5 Na5 24. Bxb7 Nxb7 25. f5 Qg5 26. Qf3 Nc5 27. Nd4 Rce8 28. Rae1 Qd2 29. Qg4 h5 30. Qh4 Nd3 31. Re2 Qc3 32.
fxg6 Rxe5 33. gxf7+ Rxf7 34. Qg3+ Kf8 35. Rxf7+ Kxf7 36. Rf2+ Ke8 37. Qg6+ Kd7 38. Rf7+ Re7 39. Qe6+ Kd8 40.
Qxe7+ Kc8 41. Qd7+ 1-0

[Event "Early-Titled-Tuesday-Blitz-October-03-2023"]
[Site "Chess.com"]
[Date "2023.10.03"]
[Round "8"]
[White "Goi_Manne"]
[Black "UK_23"]
[Result "0-1"]
[WhiteElo "2292"]
[BlackElo "2432"]
[TimeControl "180+1"]
[EndTime "9:29:51 PDT"]
[Termination "UK_23 won by resignation"]

1. e4 e5 2. Nf3 Nc6 3. Bc4 Nf6 4. d3 Be7 5. O-O O-O 6. c3 d5 7.
exd5 Nxd5 8. Re1 Bg4 9. h3 Bh5 10. Bb3 Nb6 11. Bc2 f5 12. Nbd2 Bd6 13. Bb3+ Kh8 14.
Qc2 Qf6 15. a4 a5 16. Nh2 Rae8 17. Ndf1 f4 18. f3 Bc5+ 19. Kh1 Ne7 20. Nd2 Nf5 21. Ne4 Ng3+ 22. Nxg3 fxg3 23. Nf1 Bf2 24. Be3 Bxe1 25. Rxe1 Bxf3 26. gxf3 Qxf3+ 27. Qg2 e4 28. Bxb6 cxb6 29.
Qxf3 exf3 30. Rxe8 g2+ 31. Kh2 Rxe8 32. Nd2 Re3 33. Bc4 g5 34. d4 Kg7 35. d5 Kf6 36. d6 h5 37. Nxf3 Rxf3 38. Kxg2 g4 39. hxg4 hxg4 40.
d7 Ke7 41. Bb5 Re3 42. Kf2 Rh3 43. Kg2 Kd8 44. Kg1 Rf3 45. Kg2 Kc7 46. Kg1 g3 47.
Kg2 Rf2+ 48. Kxg3 Rxb2 49. c4 Rxb5 50. cxb5 Kxd7 51. Kf3 Kd6 52. Ke3 Kc5 53. Kd3 Kb4 54. Kd4 Kxa4 55. Kc4 Ka3 56. Kd5 Kb4 57. Kd6 Kxb5 58. Kc7 a4 59. Kb8 a3 60. Ka7 a2 0-1

[Event "Early-Titled-Tuesday-Blitz-October-03-2023"]
[Site "Chess.com"]
[Date "2023.10.03"]
[Round "8"]
[White "hakanazeri2"]
[Black "NovikovaGalina"]
[Result "0-1"]
[WhiteElo "2591"]
[BlackElo "2439"]
[TimeControl "180+1"]
[EndTime "9:29:53 PDT"]
[Termination "NovikovaGalina won by resignation"]

1. e4 e6 2. d4 d5 3. Nd2 Nc6 4.
Ngf3 g5 5. exd5 exd5 6. Bb5 Qe7+ 7. Qe2 Qxe2+ 8. Kxe2 f6 9. c4 Be6 10. Re1 O-O-O 11. Kf1 Bf7 12. c5 g4 13. Bxc6 gxf3 14. Ba4 fxg2+ 15. Kxg2 Ne7 16. Bc2 Bg6 17. Bxg6 hxg6 18.
Nf3 Nf5 19. Bd2 g5 20. h3 Bh6 21. Re6 Rdg8 22. Bc3 g4 23. hxg4 Rxg4+ 24. Kf1 Bd2 25. Ke2 Bxc3 26. bxc3 Re4+ 27. Rxe4 dxe4 28. Nd2 Re8 29. Nc4 Ne7 30. Ne3 f5 31. f4 Rh8 32. Rg1 Kd7 33. Rg7 Ke6 34. d5+ Kf6 35.
Rg2 Rh3 36. d6 cxd6 37. cxd6 Ng6 38. Rg5 Nxf4+ 0-1

[Event "Early-Titled-Tuesday-Blitz-October-03-2023"]
[Site "Chess.com"]
[Date "2023.10.03"]
[Round "8"]
[White "DanyKopy"]
[Black "LionTheLeon_06"]
[Result "1-0"]
[WhiteElo "2579"]
[BlackElo "2773"]
[TimeControl "180+1"]
[EndTime "9:29:57 PDT"]
[Termination "DanyKopy won by resignation"]

1. d4 Nf6 2. Nf3 b6 3. c4 Bb7 4. Bf4 e6 5. a3 Nh5 6. Bg5 Be7 7.
Bxe7 Qxe7 8. Nc3 O-O 9. e3 d6 10. Bd3 f5 11. O-O Nd7 12. Re1 e5 13. Nxe5 dxe5 14. Qxh5 e4 15. Bf1 Rf6 16. Nd5 Bxd5 17. cxd5 Raf8 18. Qh4 R6f7 19. Qxe7 Rxe7 20. Rac1 Nf6 21.
Rc6 Rd8 22. Rec1 Ne8 23. Re6 Kf8 24. Bb5 Nd6 25. Rxe7 Kxe7 26. Rxc7+ Kf6 27. Bc6 a5 28. f3 h5 29. h4 f4 30. fxe4 Nxe4 31. exf4 Ng3 32.
Kf2 Nf5 33. Rb7 Nxh4 34. Rxb6 Rd6 35. Ra6 Nf5 36. Rxa5 Nxd4 37. Rc5 Kf5 38. Ke3 Nb3 39. Rc3 Na1 40. b4 Kg4 41. b5 Kg3 42. b6 Kxg2 43. b7 Rd8 44. a4 h4 45. a5 h3 46.
a6 h2 47. a7 Rd6 48. Rc1 h1=Q 49. Rxh1 1-0

[Event "Early-Titled-Tuesday-Blitz-October-03-2023"]
[Site "Chess.com"]
[Date "2023.10.03"]
[Round "8"]
[White "kritipatel"]
[Black "HrvojeZagreb"]
[Result "1-0"]
[WhiteElo "2142"]
[BlackElo "2305"]
[TimeControl "180+1"]
[EndTime "9:29:57 PDT"]
[Termination "kritipatel won by resignation"]

1. e4 c5 2. d4 cxd4 3. c3 d3 4. Bxd3 Nc6 5. c4 g6 6. Nf3 Bg7 7. O-O d6 8. Nc3 Bg4 9. h3 Bxf3 10. Qxf3 Nf6 11. Bf4 O-O 12. Rfd1 Ne5 13. Bxe5 dxe5 14.
Bf1 Qb6 15. b3 Rfd8 16. Rac1 Rd4 17. Nb5 Rxd1 18. Rxd1 a6 19. Nc3 Rd8 20. Rxd8+ Qxd8 21. Kh2 Qd4 22. Qd3 e6 23. Kg1 Bf8 24. Na4 Nxe4 25.
Qf3 f5 26. h4 b5 27. cxb5 axb5 28. Bxb5 Nd2 29. Qc6 Ne4 30. Qxe6+ Kg7 31. Qd7+ Kh6 32.
Qxd4 exd4 33. Kf1 Kh5 34. g3 Kg4 35. Be2+ Kh3 36. Nb6 Bc5 37. Nd5 d3 38. Nf4+ Kh2 39.
Nxd3 Nc3 40. Nxc5 Nxa2 41. Ne6 Nc1 42. Nf8 Nxb3 43. Nxh7 Nd4 44. Nf8 f4 45. gxf4 Kh3 46. Nxg6 Ne6 47. f5 Ng7 48. f6 Ne6 49. f7 1-0